[ AOE2 MATCH · #477012260 ]
1v1 EWKhmer vs Berbers
Player's team · WIN
Rival team · LOSS
[ REPLAY ANALYSIS · EXTRACTED FROM THE RECORDED GAME ]
Feudal
—
Castle
—
Imperial
—
| APM avg | 26.2 |
| APM peak | 34 |
| eAPM avg | 14.8 |
| Villagers / military | 9 / 3 |
Focus
⚔️ 24.3% · 🌾 75.7%
Scout Cavalry ×3
Feudal
—
Castle
—
Imperial
—
| APM avg | 19.7 |
| APM peak | 28 |
| eAPM avg | 12.1 |
| Villagers / military | 4 / 5 |
Focus
⚔️ 36.0% · 🌾 64.0%
Scout Cavalry ×3 · Spearman ×2
Match map
Resources at game start + every placement click. Thick line = wall · dashed box = detected house wall. 🟡 gold · ⚪ stone · 🟢 berries · 🔶 boar · ⭕ relic
Inputs per minute
— VPs - - BorkJutsu
Build order — VPs
23 actions detected in the replay
| 0:03 | Create | Villager (Male) |
| 0:03 | Create | Villager (Male) |
| 0:09 | Build | House |
| 0:15 | Build | Mill |
| 0:20 | Create | Villager (Male) |
| 0:32 | Research | Double-Bit Axe |
| 0:57 | Build | Stable |
| 1:05 | Create | Villager (Male) |
| 1:29 | Build | House |
| 1:34 | Build | Palisade Wall |
| 1:35 | Create | Villager (Male) |
| 1:39 | Create | Villager (Male) |
| 1:42 | Create | Scout Cavalry |
| 1:42 | Create | Scout Cavalry |
| 1:42 | Create | Scout Cavalry |
| 1:49 | Build | Palisade Wall |
| 1:54 | Build | Building 804 |
| 1:57 | Create | Villager (Male) |
| 2:17 | Build | Farm |
| 2:25 | Build | Stable |
| 2:35 | Create | Villager (Male) |
| 2:44 | Build | Palisade Wall |
| 2:48 | Create | Villager (Male) |
Build order — BorkJutsu
15 actions detected in the replay
| 0:04 | Create | Villager (Male) |
| 0:04 | Create | Villager (Male) |
| 0:04 | Create | Villager (Male) |
| 0:13 | Build | Mill |
| 0:19 | Build | House |
| 0:33 | Create | Villager (Male) |
| 0:59 | Build | Stable |
| 1:03 | Build | House |
| 1:21 | Research | Scale Mail Armor |
| 1:21 | Research | Forging |
| 1:25 | Create | Scout Cavalry |
| 1:44 | Create | Spearman |
| 1:44 | Create | Spearman |
| 1:50 | Create | Scout Cavalry |
| 2:08 | Create | Scout Cavalry |
Match timeline
| 0:57 | VPs · first_building Stable |
| 0:59 | BorkJutsu · first_building Stable |
| 1:34 | VPs · wall_segment Palisade Wall x7 |
| 1:49 | VPs · wall_segment Palisade Wall x9 |
| 2:44 | VPs · wall_segment Palisade Wall x5 |
| 2:54 | BorkJutsu · resign |
[ AI ANALYSIS · 1 CREDIT ]
What really happened in this match?
Wolo.gg analyzes every decision: build order, eco, micro, common mistakes by bracket. Personalized analysis on WhatsApp or Discord in 30 seconds.
Civ guide
Khmer
Map guide
Thames
Perfil
Jugador #1282004